 Dungeon Crawl Stone Soup version 0.28.0-47-ge53b351184 (webtiles) character file.

Game seed: 2312728497004048976

547 Allula97 the Slasher (level 7, -1/54 HPs)
             Began as a Demonspawn Fighter on May 5, 2022.
             Was a Follower of Qazlal.
             Succumbed to a scorpion's poison
             ... in an ossuary.
             The game lasted 00:07:53 (2745 turns).

Allula97 the Slasher (Demonspawn Fighter)           Turns: 2745, Time: 00:07:53

Health: -1/54      AC:  9    Str: 16    XL:     7   Next: 7%
Magic:  8/8        EV:  9    Int: 10    God:    Qazlal [*.....]
Gold:   92         SH:  6    Dex: 14    Spells: 6/6 levels left

rFire   . . .      SeeInvis .   a - +0 long sword
rCold   . . .      Faith    .   c - +0 buckler
rNeg    + . .      Spirit   .   b - +0 scale mail
rPois   .          Reflect  .   (helmet restricted)
rElec   .          Harm     .   (no cloak)
rCorr   .          Rampage  .   (no gloves)
Will    .....                   (no boots)
Stlth   ..........              r - amulet of regeneration
HPRegen 0.98/turn               f - +4 ring of slaying
MPRegen 0.11/turn               j - ring of positive energy

@: mighty, lethally poisoned (-1 -> -8), attractive
A: antennae 1, yellow scales 1, powered by pain 2, demonic magic 1
a: Renounce Religion


You were in an ossuary.
You worshipped Qazlal.
Qazlal was aware of your devotion.
You visited 1 branch of the dungeon, and saw 4 of its levels.
You also visited: Ossuary.

You collected 120 gold pieces.
You spent 28 gold pieces at shops.

Inventory:

Hand Weapons
 a - a +0 long sword (weapon)
 n - a +0 lajatang
Armour
 b - a +0 scale mail (worn)
 c - a +0 buckler (worn)
Jewellery
 e - an amulet of magic regeneration
 f - a +4 ring of slaying (left hand)
 j - a ring of positive energy (right hand)
 q - a +6 ring of dexterity
 r - an amulet of regeneration (around neck)
 t - a ring of resist corrosion
 u - a ring of see invisible
Wands
 p - a wand of iceblast (13)
Scrolls
 g - 2 scrolls of vulnerability
 m - 2 scrolls of teleportation
 o - a scroll of identify
 v - 2 scrolls of noise
Potions
 d - a potion of might
 h - 2 potions of curing {unknown}
 i - 2 potions of attraction
 k - 2 potions of lignification {unknown}
 l - a potion of flight {unknown}
 s - a potion of mutation {unknown}


   Skills:
 * Level 4.3 Fighting
 + Level 4.5 Long Blades
 * Level 1.5 Staves
 * Level 3.9 Armour
 * Level 1.6 Dodging
 + Level 3.0 Shields
 * Level 2.2 Invocations


You had 6 spell levels left.
You didn't know any spells.
Your spell library contained the following spells:

 Spells                   Type           Power      Damage    Failure   Level
 Slow                     Hex            0%         N/A       86%         1
 Confusing Touch          Hex            0%         N/A       99%         3
 Vampiric Draining        Necr           0%         2d6       99%         3
 Leda's Liquefaction      Hex/Erth       0%         N/A       100%        4
 Lee's Rapid Deconstruct  Erth           0%         3d5*      100%        5
 Statue Form              Tmut/Erth      0%         N/A       100%        6


Dungeon Overview and Level Annotations

Branches:
Dungeon (4/15)            Ossuary (1/1)
 Temple: D:4-7

Altars:
Hepliaklqana
Qazlal
Xom

Shops:
D:4 ?[(


Innate Abilities, Weirdness & Mutations

You have a pair of small antennae on your head.
You are partially covered in yellow scales. (AC +2)
You sometimes gain power by taking damage.
Spells you cast may paralyse adjacent enemies.


Message History

You slash the scorpion!
The scorpion is heavily wounded.
You feel sick. The scorpion closely misses you. The scorpion stings you.
You are more poisoned.
The scorpion poisons you!
The scorpion stings you but does no damage.
The human zombie hits you. The scorpion barely misses you.
You hit the scorpion.
The scorpion is severely wounded.
You feel very sick.
The scorpion stings you but does no damage.
The kobold zombie barely misses you.
The scorpion stings you but does no damage.
The human zombie hits you.
You closely miss the scorpion.
The scorpion is severely wounded.
You feel sick. The scorpion stings you.
* * * LOW HITPOINT WARNING * * *
You are lethally poisoned!
The scorpion poisons you!
The scorpion stings you but does no damage.
The kobold zombie closely misses you. The scorpion stings you.
* * * LOW HITPOINT WARNING * * *
The human zombie hits you.
* * * LOW HITPOINT WARNING * * *
The scorpion completely misses you.
You slash the scorpion!
You kill the scorpion!
Qazlal accepts your kill.
* * * LOW HITPOINT WARNING * * *
You feel very sick. You block the scorpion's attack.
The kobold zombie closely misses you.
The human zombie hits you but does no damage.
You have reached level 7!
Your demonic ancestry asserts itself...
A menacing aura infuses your magic.
Okay, then.
It was a potion of attraction.
You feel attractive to monsters.
You die...

##'#######'###########+##
#...#...#...#.....#.....#
#...8...#...'.....#.....#
#.......#...#.....8.....#
##8...8######...........#
#.......#?.M#..†........#
#...8...#?..###8.....8###
#...#...#...#..Z.○......#
######†###+##..Z@.......#
#...#...#...#..s..8.....#
#.∩.'.∩.#...'.....#.....#
#...#...#...#.....#.....#
########### #############


You could see a scorpion, a kobold zombie and a human zombie.

Vanquished Creatures
  5 scorpions
  A hound (D:3)
  A human zombie (Ossuary)
  2 scorpion zombies (Ossuary)
  5 adders
  An ufetubus (D:4)
  An adder skeleton (D:4)
  3 worms
  A dart slug (D:1)
  2 orcs (D:4)
  12 bats
  7 endoplasms
  2 giant cockroaches
  4 goblins
  6 hobgoblins
  6 jackals
  8 kobolds
  4 quokkas
  2 ball pythons
  5 frilled lizards
  A gnoll zombie (Ossuary)
  A goblin zombie (Ossuary)
  4 hobgoblin zombies (Ossuary)
  A quokka skeleton (D:4)
  3 rats
88 creatures vanquished.

Notes
Turn   | Place    | Note
-------+----------+-------------------------------------------
     0 | D:1      | Allula97 the Demonspawn Fighter began the quest for the
                  | Orb.
     0 | D:1      | Reached XP level 1. HP: 18/18 MP: 1/1
   382 | D:1      | Gained mutation: You are partially covered in yellow
                  | scales. (AC +2) [demonic ancestry]
   382 | D:1      | Reached XP level 2. HP: 24/24 MP: 2/2
   772 | D:2      | Gained mutation: You sometimes gain a little power by
                  | taking damage. [demonic ancestry]
   772 | D:2      | Reached XP level 3. HP: 28/29 MP: 3/3
  1632 | D:3      | Reached XP level 4. HP: 33/35 MP: 4/4
  1782 | D:3      | Found a hazy altar of Hepliaklqana.
  1783 | D:3      | Found a stormy altar of Qazlal.
  1822 | D:3      | Became a worshipper of Qazlal Stormbringer
  1943 | D:3      | Found a faded altar of an unknown god.
  1967 | D:3      | Found a shimmering altar of Xom.
  1968 | D:3      | Found a shimmering altar of Xom.
  1968 | D:3      | Found a shimmering altar of Xom.
  1972 | D:3      | Found a shimmering altar of Xom.
  2210 | D:4      | Found Vowuocw's Armour Emporium.
  2212 | D:4      | Gained mutation: You sometimes gain power by taking damage.
                  | [demonic ancestry]
  2212 | D:4      | Reached XP level 5. HP: 41/41 MP: 5/5
  2213 | D:4      | Found Vepsuoskoydd's Magic Scroll Boutique.
  2257 | D:4      | Bought a scroll of identify for 28 gold pieces
  2299 | D:4      | Found Nuetoerr's Weapon Boutique.
  2310 | D:4      | Reached skill level 1 in Dodging
  2385 | D:4      | Reached skill level 1 in Invocations
  2613 | D:4      | Found a sand-covered staircase.
  2621 | Ossuary  | Entered an ossuary
  2637 | Ossuary  | Gained mutation: You have a pair of small antennae on your
                  | head. [demonic ancestry]
  2637 | Ossuary  | Reached XP level 6. HP: 44/48 MP: 7/7
  2673 | Ossuary  | Reached * piety under Qazlal
  2711 | Ossuary  | Reached skill level 1 in Staves
  2744 | Ossuary  | HP: 1/48 [poisoned by a scorpion]
  2745 | Ossuary  | Gained mutation: Spells you cast may paralyse adjacent
                  | enemies. [demonic ancestry]
  2745 | Ossuary  | Reached XP level 7. HP: 1/54 MP: 8/8
  2745 | Ossuary  | Succumbed to a scorpion's poison

Illustrated notes

Levels and vault maps discovered:
D:1:      dpeg_arrival_short_road, layout_basic, minmay_misc_feat_hallway
D:2:      layout_basic
D:3:      layout_loops_ring, xom_redecorated, mainiacjoe_overflow_divided_tiny,
          serial_glass, glass_columns_a, glass_columns_b, glass_columns_b,
          shapermc_ecumenical_altar_pompeii, nicolae_wormholes
D:4:      layout_basic, serial_shops, shop_scrolls, shop,
          nicolae_lakefront_shop, shop, enter_ossuary_4,
          amcnicky_mini_corridor_feature, minmay_crossroads
Ossuary:  ossuary_minmay_scorpions

Skill      XL: |  1  2  3  4  5  6 |
---------------+-------------------+-----
Long Blades    | 2 3 4 |  4.5
Armour         | 3 |  3.9
Dodging        | 1 |  1.6
Invocations    | 1 2 |  2.2
Fighting       | 4 |  4.3
Shields        | 3 |  3.0
Staves         | 1 |  1.5

Action                   |  1- 3 |  4- 6 |  7- 9 || total
-------------------------+-------+-------+-------++-------
Melee: Long sword        |   118 |   119 |       ||   237
  Use: Scroll            |       |     6 |       ||     6
       Potion            |       |     1 |     1 ||     2
Armor: Scale mail        |    85 |    56 |       ||   141
Dodge: Dodged            |    53 |    52 |       ||   105
Block: Buckler           |    35 |    30 |       ||    65
